Map: Lerilak Crest

Players

LilDicky - Winner!

  • Race: Terran Terran
  • League: Diamond

anJu

  • Race: Terran Terran
  • League: Diamond

VOD

http://www.twitch.tv/tumescentpie

Description

Time

  • Played on: Dec. 1, 2015, 12:02 p.m.
  • Length: 8:11
Show
View Real Time Build Order
Export as new Build Order

LilDicky Terran - Winner!

Build Orders: Banshee Rush 

Get SALT Encoding   

  12  0:01  SCV  
  13  0:13  SCV  
  14  0:17  Supply Depot  
  14  0:25  SCV  
  15  0:30  Refinery  
  15  0:39  SCV  
  16  0:45  Barracks  
  16  0:51  SCV  
  17  1:03  SCV  
  18  1:16  SCV  
  19  1:28  SCV  
  19  1:32  Reaper  
  21  1:34  Supply Depot  
  21  1:41  Orbital Command  
  21  1:42  Refinery  
  21  1:59  Factory  
  21  2:11  SCV  
  21  2:13  Marine  
  22  2:23  SCV  
  23  2:37  SCV  
  23  2:42  Marine  
  25  2:44  Factory Tech Lab  
  25  2:46  Starport  
  25  2:56  Command Center  
  25  3:11  SCV  
  26  3:24  SCV  
  27  3:28  Widow Mine  
  27  3:31  Engineering Bay  
  29  3:36  SCV  
  29  3:44  Cloaking Field  
  29  3:49  Banshee, SCV  
  29  3:50  Supply Depot  
  29  3:54  Marine  
  33  4:02  Factory Tech Lab  
  31  4:25  Marine  
  31  4:46  Siege Tank  
  31  4:47  Banshee  
  35  4:57  SCV  
  34  5:00  Marine  
  34  5:05  Barracks  
  34  5:06  Barracks  
  35  5:09  SCV  
  37  5:21  SCV  
  37  5:24  Orbital Command  
  35  5:30  Missile Turret  
  35  5:40  Missile Turret  
  35  5:41  Marine  
  28  5:59  Banshee, Marine  
  28  6:04  SCV  
  23  6:20  SCV  
  23  6:26  Marine  
  23  6:27  Marine x2  
  26  6:44  Marine  
  27  6:47  SCV, Marine  
  27  6:48  Marine  
  30  6:59  SCV  
  31  7:01  Marine  
  31  7:05  Marine  
  33  7:12  Marine  
  33  7:15  SCV x2  
  32  7:27  SCV  
  32  7:28  Marine  
  35  7:39  SCV, Orbital Command  
  38  7:51  SCV  
  38  7:53  Missile Turret  
Show
View Real Time Build Order
Export as new Build Order

anJu Terran 

Build Orders: Reaper Expand 

Get SALT Encoding   

  12  0:01  SCV  
  13  0:13  SCV  
  14  0:17  Supply Depot  
  14  0:25  SCV  
  15  0:39  SCV, Barracks  
  16  0:44  Refinery  
  16  0:51  SCV  
  17  1:03  SCV  
  18  1:15  SCV  
  19  1:27  Orbital Command  
  19  1:29  Reaper  
  20  1:45  Command Center  
  20  1:57  SCV  
  20  2:09  SCV  
  21  2:16  Factory  
  21  2:21  SCV  
  22  2:33  SCV  
  22  2:35  Barracks Reactor  
  22  2:42  Supply Depot  
  22  2:45  SCV  
  23  2:53  Refinery  
  23  3:03  SCV, Starport  
  24  3:15  SCV  
  24  3:19  Hellion x2  
  29  3:20  Barracks Tech Lab  
  29  3:25  Command Center  
  29  3:39  SCV  
  30  4:04  SCV  
  30  4:08  Supply Depot, Barracks Tech Lab  
  30  4:09  Banshee, Hellion x2  
  38  4:16  SCV  
  39  4:25  Orbital Command  
  39  4:29  SCV  
  40  4:33  Stimpack  
  40  4:34  Cloaking Field  
  40  4:35  Widow Mine x2  
  44  4:41  SCV, Supply Depot  
  44  4:58  SCV x2  
  46  5:01  Supply Depot, Orbital Command  
  49  5:10  SCV  
  48  5:22  Engineering Bay  
  48  5:28  Viking  
  37  5:43  SCV x2  
  22  6:11  SCV  
  22  6:16  Barracks  
  13  6:32  SCV  
  10  6:33  Missile Turret  
  10  6:35  SCV x2  
  12  6:40  Marine  
  12  6:41  Orbital Command  
  12  6:42  Raven  
  12  6:44  SCV  
  15  6:47  SCV  
  16  6:56  SCV  
  16  6:59  SCV  
  17  7:07  SCV  
  17  7:09  SCV  
  13  7:30  SCV  
  14  7:41  SCV  
  14  7:43  Marine  
  14  7:45  SCV  
  14  7:50  SCV  
  16  7:53  SCV  
Tags
 
Add a new tag
Caveats
  • Supply blocks, unpowered buildings, or Contaminate may cause inaccurate times.
  • Supply counts are checked every 10 seconds.